 Dungeon Crawl Stone Soup version 0.30-a0-883-g5ad918d77d (webtiles) character file.

Game seed: 3441411791612542885

175 lunkers the Firebug (level 6, 0/45 HPs)
             Began as a Meteoran Fire Elementalist on Mar 15, 2023.
             Slain by an orc priest
             ... wielding a +2 dagger of venom
              (5 damage)
             ... on level 3 of the Dungeon on Mar 16, 2023.
             The game lasted 00:05:02 (954 turns).

lunkers the Firebug (Meteoran Fire Elementalist)     Turns: 954, Time: 00:05:03

Health: 0/45       AC:  5    Str:  9    XL:     6   Next: 11%
Magic:  3/12       EV: 12    Int: 19    God:
Gold:   113        SH:  0    Dex: 15    Spells: 9/12 levels left

rFire   . . .      SeeInvis .    (no weapon)
rCold   . . .      Faith    .    (no shield)
rNeg    . . .      Spirit   .    a - +0 robe
rPois   +          Reflect  .    (no helmet)
rElec   .          Rampage  .    (no cloak)
rCorr   .                        e - +0 pair of gloves
Will    .....                    (no boots)
Stlth   +                        (no amulet)
HPRegen 1.07/turn                g - ring of poison resistance
MPRegen 0.13/turn                (no ring)

@: mighty, brilliant, lethally poisoned (0 -> -2), glowing
A: sense surroundings 1, otherworldly, glowing, explore regen, iridescent scales
1, regeneration 1
a: no special abilities


You were on level 3 of the Dungeon.
You visited 1 branch of the dungeon, and saw 3 of its levels.

You collected 113 gold pieces.

Inventory:

Armour
 a - a +0 robe (worn)
 e - a +0 pair of gloves (worn)
Jewellery
 g - a ring of poison resistance (left hand)
Scrolls
 f - a scroll of vulnerability {unknown}
 i - a scroll of acquirement {unknown}
 j - 2 scrolls of noise {unknown}
 k - a scroll of teleportation {unknown}
Potions
 b - a potion of magic
 h - a potion of brilliance


   Skills:
 - Level 2.4 Dodging
 - Level 1.4 Stealth
 + Level 3.8 Spellcasting
 * Level 4.0 Conjurations
 * Level 5.4 Fire Magic


You had 9 spell levels left.
You knew the following spells:

 Your Spells              Type           Power      Damage    Failure   Level
a - Foxfire               Conj/Fire      100%       2x1d9     1%          1
b - Scorch                Fire           72%        2d8       2%          2

Your spell library contained the following spells:

 Spells                   Type           Power      Damage    Failure   Level
 Inner Flame              Hex/Fire       20%        N/A       14%         3
 Kindle Blastsparks       Fire/Tloc/Air  30%        2d12      21%         3
 Flame Wave               Conj/Fire      32%        2d9       21%         4


Dungeon Overview and Level Annotations

Branches:
Dungeon (3/15) Zot: 845

Altars:

Shops:
D:2 (


Innate Abilities, Weirdness & Mutations

You passively map a small area around you.
You are easily found by Zot.
You glow in the dark.
You regain HP and MP as you explore.
You are partially covered in iridescent scales. (AC +2)
Your natural rate of healing is unusually fast.


Message History

The foxfire hits something.
Reactivating autopickup.
You feel a bit more experienced.
The foxfire hits the orc.
The orc is moderately wounded.
The foxfire hits the orc but does no damage.
The orc is moderately wounded.
Your Conjurations skill increases to level 4!
You have reached level 6!
You feel agile.
It was a potion of mutation.
You feel extremely strange.
Iridescent scales grow over part of your body.
You begin to heal more quickly.
The adder bites you.
* * * LOW HITPOINT WARNING * * *
The orc priest hits you with a +2 dagger of venom.
* * * LOW HITPOINT WARNING * * *
The orc hits you with a +0 flail.
* * * LOW HITPOINT WARNING * * *
Unknown command.
It was a potion of might.
You feel very mighty all of a sudden. The adder barely misses you.
The orc priest hits you with a +2 dagger of venom.
* * * LOW HITPOINT WARNING * * *
You are poisoned.
The adder closely misses you. The orc hits you with a +0 flail.
* * * LOW HITPOINT WARNING * * *
Welcome back, lunkers the Meteoran Fire Elementalist.
Press ? for a list of commands and other information.
Okay, then.
Okay, then.
You are too confused!
The adder attacks as you move away! The adder barely misses you.
* * * LOW HITPOINT WARNING * * *
You feel very sick.
You feel less confused.
You feel very sick. The adder closely misses you.
The orc priest hits you with a +2 dagger of venom.
You die...

##...# #..####.<....
#...####..#.........
#...........###.###.
#....###..#####.##..
#....##............#
#.......#########...
#...o.#....., ##..
#...S[...... ,, #.#
#..@o[...... ,,,#.#
#.####)..... , ⌠#..
#.., ...... $#.#
###* * ..... , .##.#
..... .#*#.# #### ##
..# .## , * *


You could see an orc priest, an adder and an orc.

Vanquished Creatures
  Pargi (D:3)
  2 orc wizards (D:3)
  A dart slug (D:2)
  An orc (D:3)
  4 ball pythons
  3 bats (D:1)
  A giant cockroach (D:1)
  4 hobgoblins
  3 kobolds
  2 frilled lizards (D:1)
  A goblin (D:3)
  2 rats
25 creatures vanquished.

Vanquished Creatures (others)
  80 foxfires
80 creatures vanquished.

Grand Total: 105 creatures vanquished

Notes
Turn   | Place    | Note
-------+----------+-------------------------------------------
     0 | D:1      | lunkers the Meteoran Fire Elementalist began the quest for
                  | the Orb.
     0 | D:1      | Reached XP level 1. HP: 14/14 MP: 5/5
    47 | D:1      | Reached XP level 2. HP: 20/20 MP: 3/6
    67 | D:1      | Learned a level 2 spell: Scorch
   170 | D:1      | Reached skill level 4 in Fire Magic
   500 | D:1      | Glimpsed the power of Zot.
   529 | D:2      | Found Ykarouzud's Weapon Boutique.
   582 | D:2      | Reached XP level 3. HP: 26/26 MP: 4/8
   863 | D:3      | Noticed Pargi
   877 | D:3      | Killed Pargi
   878 | D:3      | Reached skill level 5 in Fire Magic
   878 | D:3      | Reached XP level 4. HP: 19/33 MP: 2/10
   878 | D:3      | Reached XP level 5. HP: 22/38 MP: 2/11
   951 | D:3      | Reached XP level 6. HP: 22/45 MP: 3/12
   951 | D:3      | Gained mutation: You are partially covered in iridescent
                  | scales. (AC +2) [potion of mutation]
   951 | D:3      | Gained mutation: Your natural rate of healing is unusually
                  | fast. [potion of mutation]
   954 | D:3      | Slain by an orc priest

Illustrated notes

Levels and vault maps discovered:
D:1:      minmay_arrival_radiant_lines, layout_loops_corners
D:2:      layout_loops_cross, basic_altar, serial_shops, shop
D:3:      cheibrodos_pilgrimage, layout_loops_ring, nzn_hepliaklqana_mist_gate,
          uniq_pargi

Skill      XL: |  1  2  3  4  5 |
---------------+----------------+-----
Fire Magic     | 4 5 |  5.4
Conjurations   | 2 3 4 |  4.0
Spellcasting   | 3 |  3.8
Dodging        | |  2.4
Stealth        | |  1.4

Action                     |  1- 3 |  4- 6 || total
---------------------------+-------+-------++-------
   Cast: Foxfire           |    41 |     8 ||    49
         Scorch            |     1 |     1 ||     2
    Use: Potion            |       |     3 ||     3
 Armour: Robe              |    12 |     1 ||    13
  Dodge: Dodged            |    19 |     4 ||    23

Table legend: (Time is in decaauts)
 A = Elapsed time spent in this place.
 B = Non-inter-level travel time spent in this place.
 C = Inter-level travel time spent in this place.
 D = Time resting spent in this place.
 E = Time spent auto-exploring this place.
 F = Levels seen in this place.
 G = Mean time per level.
                   A        B        C        D        E       F      G
               +--------+--------+--------+--------+--------+-----+--------+
         Total |    953 |    912 |     41 |      0 |    690 |   3 |  317.7 |
       Dungeon |    953 |    912 |     41 |      0 |    690 |   3 |  317.7 |
               +--------+--------+--------+--------+--------+-----+--------+

Top non-repeatable levels by time:
     D:1: 525 daAuts
     D:2: 321 daAuts
     D:3: 105 daAuts
